 Dungeon Crawl Stone Soup version 0.22.0-49-gab54619 (webtiles) character file.

25297 Marcoleric the Blocker (level 12, -6/118 HPs)
             Began as a Deep Dwarf Fighter on Aug 30, 2018.
             Was a High Priest of the Shining One.
             Mangled by a two-headed ogre
             ... wielding a +0 giant club
              (17 damage)
             ... on level 12 of the Dungeon on Sept 6, 2018.
             The game lasted 01:00:08 (10970 turns).

Marcoleric the Blocker (Deep Dwarf Fighter)        Turns: 10970, Time: 01:00:09

Health: -6/118     AC: 12    Str: 24    XL:     12   Next: 88%
Magic:  0/0        EV: 14    Int: 10    God:    the Shining One [*****.]
Gold:   311        SH: 21    Dex: 17    Spells: 11/11 levels left

rFire    . . .     SeeInvis .   F - +5 hand axe of Callousness {antimagic, rPois rC- MR++}
rCold    . . .     Gourm    .   c - +4 shield
rNeg     + + .     Faith    .   O - +1 ring mail of Prudence {Dex+7}
rPois    +         Spirit   .   n - +0 helmet
rElec    .         Reflect  +   G - scarf {repulsion}
rCorr    .         Harm     .   h - +0 pair of gloves
MR       +++..     Clarity  +   m - +0 pair of boots
Stlth    +.........             N - +3 amulet of reflection
HPRegen  0.00/turn              L - ring of flight
MPRegen  0.07/turn              (no ring)

@: non-regenerating, glowing, repel missiles
A: damage resistance, heal wounds, rugged brown scales 1, clarity, clumsy 1,
cold resistance 1, sense surroundings 2, no regeneration
a: Heal Wounds, Divine Shield, Cleansing Flame, Summon Divine Warrior, Renounce
Religion, Evoke Flight


You were on level 12 of the Dungeon.
You worshipped the Shining One.
The Shining One was extremely pleased with you.
You were very hungry.

You visited 3 branches of the dungeon, and saw 15 of its levels.
You also visited: Ossuary.

You collected 756 gold pieces.
You spent 445 gold pieces at shops.

Inventory:

Hand Weapons
 a - a +0 war axe
 s - a +4 blowgun
 F - the +5 hand axe of Callousness (weapon) {antimagic, rPois rC- MR++}
   (You found it in an ossuary)

   It reduces the magical energy of the wielder, and disrupts the spells and
   magical abilities of those hit.
   Natural abilities and divine invocations are not affected.
   It makes you vulnerable to cold.
   It protects you from poison.
   It affects your resistance to hostile enchantments.
Missiles
 t - 47 poisoned needles
 B - 2 curare-tipped needles
Armour
 c - a +4 shield (worn)
 f - a +1 cloak of invisibility
 h - a +0 pair of gloves (worn)
 j - a +0 chain mail
 l - a +0 cloak
 m - a +0 pair of boots (worn)
 n - a +0 helmet (worn)
 G - a scarf of repulsion (worn)
 O - the +1 ring mail of Prudence (worn) {Dex+7}
   (You found it on level 9 of the Dungeon)

   It affects your dexterity (+7).
Jewellery
 H - a cursed amulet of inaccuracy
 L - a ring of flight (left hand)
 M - an uncursed amulet of rage
 N - a +3 amulet of reflection (around neck)
Wands
 d - a wand of acid (13)
 r - a wand of enslavement (18)
 v - a wand of flame (62)
 J - a wand of digging (11)
Scrolls
 e - a scroll of identify
 g - 2 scrolls of teleportation
 k - 6 scrolls of remove curse
 p - 3 scrolls of fog
 u - 3 scrolls of blinking
 w - 2 scrolls of fear
 y - 3 scrolls of random uselessness
 C - 2 scrolls of amnesia
 K - 2 scrolls of magic mapping
Potions
 b - a potion of flight
 o - 2 potions of cancellation
 q - a potion of magic
 z - 2 potions of agility
 A - 2 potions of degeneration
 D - 4 potions of haste
 E - 2 potions of brilliance
Miscellaneous
 I - a crystal ball of energy
Comestibles
 x - 15 rations


   Skills:
 * Level 9.6 Fighting
 + Level 13.3 Axes
 + Level 1.0 Throwing
 + Level 7.2 Armour
 + Level 5.5 Dodging
 * Level 14.1 Shields
 + Level 0.2 Evocations


You had 11 spell levels left.
You didn't know any spells.
Your spell library contained the following spells:

 Spells                   Type           Power        Failure   Level  Hunger
 Recall                   Summ/Tloc      N/A          88%         3    ####...
 Aura of Abjuration       Summ           #.........   100%        5    ######.
 Summon Demon             Summ           #.........   100%        5    ######.
 Summon Forest            Summ/Tloc      #.........   100%        5    ######.
 Summon Mana Viper        Hex/Summ       #.......     100%        5    ######.
 Shadow Creatures         Summ           N/A          100%        6    #######


Dungeon Overview and Level Annotations

Branches:
Dungeon (12/15)            Temple (1/1) D:4            Lair (2/6) D:10
  Snake (0/4) Lair:2          Orc (0/2) D:11
  Swamp: Lair:2-4    Shoals: Lair:2-4

Altars:
Ashenzari
Cheibriados
Dithmenos
Elyvilon
Fedhas
Gozag
Hepliaklqana
Makhleb
Nemelex Xobeh
Okawaru
Qazlal
Ru
Sif Muna
Vehumet
Wu Jian
Xom
Zin
The Shining One

Shops:
D:4 !*   D:9 ?(%!

Portals:
Trove: D:12 (give 6 scrolls of blinking)

Annotations:
D:9 exclusion: upstairs
D:11 4 runed doors


Innate Abilities, Weirdness & Mutations

You are resistant to damage.
You can heal yourself by infusing magical energy.
You passively map the area around you.
You do not regenerate.
You are partially covered in rugged brown scales. (AC +1, +3% HP)
You possess an exceptional clarity of mind.
You are clumsy. (Dex -2)
Your flesh is cold resistant. (rC+)


Message History

You block the hellwing's attack.
The hellwing hits you but does no damage.
You hit the soul eater but do no damage.
The soul eater is heavily wounded.
You hit the hellwing but do no damage.
The soul eater disappears in a puff of smoke!
You hit the two-headed ogre.
The two-headed ogre is lightly wounded.
You hit the hellwing. The hellwing barely misses you.
You block the hellwing's attack. You block the two-headed ogre's attack.
The two-headed ogre hits you with a giant club!
* * * LOW HITPOINT WARNING * * *
You hit the two-headed ogre.
The two-headed ogre is lightly wounded.
You hit the hellwing. You block the hellwing's attack. x2
You slash the two-headed ogre!
The two-headed ogre is moderately wounded.
You hit the hellwing but do no damage. You block the two-headed ogre's attack.
The two-headed ogre hits you with a giant club!!
You die...

*#### *####### 8 ,
#8... #8...8#
#...ZK#.....### ,,
#..c55O@...[).#
#..OWZ#.4...#.# ,,
#8.la #.....#.# *
###O* #.....#.#
8.,, #.....#.# ,#.
#.....#.# , , '
,#.....#.#########
*
#.....#..........
8, , , ###.#######


You could see a two-headed ogre, a hellwing, a kobold demonologist, a hungry
ghost, 2 ogres, a centaur, an iguana, a worker ant, a quasit, a shadow imp, a
centaur warrior zombie and a centaur warrior skeleton.

Vanquished Creatures
  Rupert (D:12)
  Snorg (D:12)
  A two-headed ogre (D:12)
  A death knight (D:12)
  A tengu warrior (D:12)
  Urug (D:12)
  A phantasmal warrior (D:12)
  An ugly thing (D:12)
  6 elephants (Lair:2)
  2 spiny frogs
  A rime drake (Lair:2)
  A gargoyle (D:11)
  A freezing wraith (D:12)
  3 komodo dragons
  3 trolls
  4 blink frogs (Lair:2)
  Grinder (D:5)
  4 hippogriffs
  A meliai zombie (D:11)
  2 wraiths (D:12)
  2 wyverns
  A vampire (D:11)
  6 basilisks
  14 yaks
  2 hungry ghosts
  6 nagas (Lair:2)
  Duvessa (D:7)
  4 porcupines
  6 water moccasins
  4 sky beasts
  An ice beast (D:6)
  A necrophage (D:11)
  6 orc warriors
  A black bear (D:8)
  4 phantoms
  7 ogres
  3 centaurs
  4 crocodiles
  2 big kobolds
  9 bullfrogs
  Dowan (D:7)
  A water moccasin zombie (Ossuary)
  A wyvern skeleton (D:6)
  3 scorpions
  A water moccasin skeleton (D:10)
  14 killer bees
  An electric eel (Lair:2)
  4 howler monkeys
  A wight (D:12)
  A bullfrog zombie (D:10)
  A centaur zombie (D:10)
  3 crimson imps
  5 hounds
  A quasit (D:8)
  9 orc priests
  A bullfrog skeleton (D:9)
  5 jellies
  16 orc wizards
  Crazy Yiuf (D:3)
  3 centaur skeletons
  3 iguanas
  7 worker ants
  A big kobold zombie (Ossuary)
  2 hound skeletons
  2 mummies (Ossuary)
  Robin (D:2)
  2 worker ant zombies (D:8)
  9 adders
  3 howler monkey skeletons
  6 shadow imps
  An adder skeleton (D:6)
  6 adder zombies (Ossuary)
  3 worms
  3 dart slugs
  2 leopard geckos
  59 orcs
  3 giant cockroaches
  16 goblins
  11 hobgoblins
  5 quokkas
  A ball python (D:3)
  A ball python skeleton (D:4)
  6 bats
  8 frilled lizards
  3 gnoll zombies (Ossuary)
  5 hobgoblin zombies (Ossuary)
  A jackal zombie (D:7)
  12 kobolds
  6 kobold zombies (Ossuary)
  3 orc zombies (Ossuary)
  10 rats
  A fungus (Lair:2)
396 creatures vanquished.

Vanquished Creatures (collateral kills)
  A necrophage (D:9)
1 creature vanquished.

Vanquished Creatures (others)
  An orc priest (D:6)
  A bullfrog zombie (D:9)
2 creatures vanquished.

Grand Total: 399 creatures vanquished

Notes
Turn   | Place    | Note
-------+----------+-------------------------------------------
     0 | D:1      | Marcoleric the Deep Dwarf Fighter began the quest for the
                  | Orb.
     0 | D:1      | Reached XP level 1. HP: 20/20 MP: 1/1
   421 | D:1      | Reached XP level 2. HP: 24/27 MP: 2/2
   760 | D:2      | Reached XP level 3. HP: 32/33 MP: 3/3
   794 | D:2      | Noticed Robin
   809 | D:2      | Killed Robin
   930 | D:2      | Reached XP level 4. HP: 25/42 MP: 3/3
  1586 | D:3      | Reached skill level 4 in Shields
  1909 | D:3      | Reached XP level 5. HP: 37/49 MP: 4/4
  2257 | D:3      | Found a runed door.
  2261 | D:3      | Noticed Crazy Yiuf
  2288 | D:3      | Killed Crazy Yiuf
  2375 | D:4      | Found Jumaphuf's Distillery.
  2400 | D:4      | Reached skill level 5 in Axes
  2430 | D:4      | Found a white marble altar of Elyvilon.
  2436 | D:4      | Found a deep blue altar of Sif Muna.
  2436 | D:4      | Found a burning altar of Makhleb.
  2438 | D:4      | Found a radiant altar of Vehumet.
  2440 | D:4      | Found a glowing silver altar of Zin.
  2607 | D:4      | Reached skill level 1 in Dodging
  2607 | D:4      | Reached XP level 6. HP: 33/56 MP: 5/5
  2621 | D:4      | Reached skill level 5 in Shields
  2650 | D:4      | Bought a potion of heal wounds for 70 gold pieces
  2650 | D:4      | Bought a potion of heal wounds for 70 gold pieces
  2888 | D:4      | Found a sand-covered staircase.
  2895 | Ossuary  | Entered an ossuary
  3097 | Ossuary  | Got a transparent hand axe
  3100 | Ossuary  | Identified the +5 hand axe of Callousness {antimagic, rPois
                  | rC- MR++} (You found it in an ossuary)
  3105 | Ossuary  | Gained mutation: You are partially covered in rugged brown
                  | scales. (AC +1, +3% HP) [potion of mutation]
  3105 | Ossuary  | Gained mutation: You are clumsy. (Dex -2) [potion of
                  | mutation]
  3105 | Ossuary  | Gained mutation: You possess an exceptional clarity of
                  | mind. [potion of mutation]
  3105 | Ossuary  | Gained mutation: Your flesh is cold resistant. (rC+)
                  | [potion of mutation]
  3120 | D:4      | Found Uqaigicu's Assorted Antiques.
  3125 | D:4      | Bought a scroll labeled TYIRPH KYCLES for 22 gold pieces
  3125 | D:4      | Bought a scroll labeled NIYTIW LUNOG for 22 gold pieces
  3145 | D:4      | Reached XP level 7. HP: 29/63 MP: 2/6
  3382 | D:4      | Found a staircase to the Ecumenical Temple.
  3398 | Temple   | Entered the Ecumenical Temple
  3433 | Temple   | Became a worshipper of the Shining One
  3489 | D:5      | Entered Level 5 of the Dungeon
  3742 | D:5      | Noticed Grinder
  3776 | D:5      | Killed Grinder
  3776 | D:5      | Reached XP level 8. HP: 47/71 MP: 2/7
  3844 | D:5      | Reached skill level 6 in Shields
  4199 | D:6      | Reached * piety under the Shining One
  4320 | D:6      | Reached skill level 5 in Armour
  5082 | D:7      | Found a hazy altar of Hepliaklqana.
  5087 | D:7      | Reached skill level 7 in Shields
  5137 | D:7      | Noticed Duvessa
  5137 | D:7      | Noticed Dowan
  5154 | D:7      | Killed Duvessa
  5154 | D:7      | Gained mutation: You passively map the area around you.
                  | [Deep Dwarf growth]
  5154 | D:7      | Reached XP level 9. HP: 70/81 MP: 2/8
  5156 | D:7      | Killed Dowan
  5850 | D:7      | You fall through a shaft!
  5870 | D:8      | Reached ** piety under the Shining One
  5873 | D:8      | Reached skill level 8 in Shields
  5875 | D:8      | Reached skill level 5 in Fighting
  5900 | D:8      | Found a radiant altar of Vehumet.
  6114 | D:8      | Reached skill level 10 in Axes
  6148 | D:8      | Found a sparkling altar of Nemelex Xobeh.
  6449 | D:9      | Found Mieggan's Food Emporium.
  6478 | D:9      | Reached skill level 9 in Shields
  6479 | D:9      | Noticed a troll
  6495 | D:9      | Killed a troll
  6513 | D:9      | Found Tidemoqi's Weapon Shoppe.
  6541 | D:9      | Found Foagut's Magic Scroll Shoppe.
  6557 | D:9      | Bought a scroll of enchant weapon for 105 gold pieces
  6557 | D:9      | Bought a scroll of enchant weapon for 105 gold pieces
  6609 | D:9      | Found a sacrificial altar of Ru.
  6725 | D:9      | Reached XP level 10. HP: 50/93 MP: 3/9
  6758 | D:9      | Found Ogatypsy's Distillery.
  7210 | D:9      | Got a slimy ring mail
  7211 | D:9      | Identified the +1 ring mail of Prudence {Dex+7} (You found
                  | it on level 9 of the Dungeon)
  7236 | D:9      | Bought a potion of curing for 51 gold pieces
  7263 | D:10     | Entered Level 10 of the Dungeon
  7340 | D:10     | Reached *** piety under the Shining One
  7408 | D:10     | Reached skill level 10 in Shields
  7470 | D:10     | Found a shimmering altar of Xom.
  7474 | D:10     | Found a shimmering altar of Xom.
  7487 | D:10     | Found a shimmering altar of Xom.
  7488 | D:10     | Found a shimmering altar of Xom.
  7488 | D:10     | Found a shimmering altar of Xom.
  7505 | D:10     | Found a staircase to the Lair.
  7671 | Lair:1   | Entered Level 1 of the Lair of Beasts
  7888 | Lair:1   | Noticed a spiny frog
  7903 | Lair:1   | Killed a spiny frog
  7903 | Lair:1   | Reached XP level 11. HP: 78/103 MP: 2/8
  8068 | Lair:1   | Reached skill level 11 in Shields
  8422 | Lair:2   | Reached **** piety under the Shining One
  8480 | Lair:2   | Reached skill level 1 in Throwing
  8658 | Lair:2   | Found a staircase to the Snake Pit.
  8853 | Lair:2   | Reached skill level 12 in Shields
  9007 | Lair:2   | Reached XP level 12. HP: 35/115 MP: 2/7
  9099 | Lair:2   | Upgraded the game from 0.22.0-38-g04b72b8 to
                  | 0.22.0-49-gab54619
  9280 | D:11     | Found a blossoming altar of Fedhas.
  9476 | D:11     | Found a staircase to the Orcish Mines.
  9627 | D:11     | Found a huge runed gate.
  9628 | D:11     | Found a huge runed gate.
  9629 | D:11     | Found a huge runed gate.
  9643 | D:11     | Found a huge runed gate.
  9643 | D:11     | Noticed a death yak
  9756 | D:11     | Got a dazzling cloak
  9757 | D:11     | Identified the cursed -1 cloak of Nemmegos {rC- Regen+
                  | Int+4 Dex+3} (You found it on level 11 of the Dungeon)
 10072 | D:12     | Noticed a tengu warrior
 10073 | D:12     | Noticed Rupert
 10098 | D:12     | Noticed Snorg
 10098 | D:12     | Reached ***** piety under the Shining One
 10116 | D:12     | Killed Rupert
 10116 | D:12     | Reached skill level 13 in Shields
 10155 | D:12     | Killed a tengu warrior
 10155 | D:12     | Reached skill level 5 in Dodging
 10180 | D:12     | Killed Snorg
 10394 | D:12     | Noticed a death knight
 10426 | D:12     | Killed a death knight
 10444 | D:12     | HP: 2/117 [freezing wraith[a death knight] (7)]
 10481 | D:12     | Found a labyrinth entrance.
 10517 | D:12     | Noticed Urug
 10535 | D:12     | Killed Urug
 10663 | D:12     | Found a portal to a secret trove of treasure.
 10665 | D:12     | Noticed a two-headed ogre
 10680 | D:12     | Killed a two-headed ogre
 10856 | D:12     | Noticed an eight-headed hydra
 10911 | D:12     | Reached skill level 14 in Shields
 10950 | D:12     | Noticed a two-headed ogre
 10970 | D:12     | Mangled by a two-headed ogre

Skill      XL: |  1  2  3  4  5  6  7  8  9 10 11 12 |
---------------+-------------------------------------+-----
Axes           | 3 4 5 6 8 9 10 11 12 13 | 13.3
Fighting       | 3 4 5 7 8 9 |  9.6
Shields        | 4 5 7 9 10 12 14 | 14.1
Armour         | 4 5 6 7 |  7.2
Dodging        | 1 2 3 4 5 |  5.5
Throwing       | 1 |  1.0
Evocations     | |  0.2

Action                   |  1- 3 |  4- 6 |  7- 9 | 10-12 || total
-------------------------+-------+-------+-------+-------++-------
Melee: War axe           |   104 |   254 |       |     9 ||   367
       Hand axe          |       |     9 |   403 |   878 ||  1290
 Fire: Blowgun           |       |     4 |       |    18 ||    22
 Abil: Heal Wounds       |     2 |     2 |     4 |    36 ||    44
Evoke: Wand              |       |     1 |       |     3 ||     4
       Sack of spiders   |       |       |     1 |       ||     1
  Use: Scroll            |     6 |     8 |     2 |    14 ||    30
       Potion            |     1 |     9 |     7 |     6 ||    23
  Eat: Ration            |       |     3 |     5 |     2 ||    10
       Chunk             |       |       |       |     3 ||     3
Armor: Scale mail        |    85 |   118 |    18 |       ||   221
       Chain mail        |       |       |   136 |     8 ||   144
       Ring mail         |       |       |       |   165 ||   165
Dodge: Dodged            |    36 |    88 |    73 |   253 ||   450
       Deflected         |       |       |     3 |     5 ||     8
Block: Shield            |    80 |   199 |   209 |   765 ||  1253
       Reflection        |       |       |       |    15 ||    15
